 Dungeon Crawl Stone Soup version 0.24-a0-203-gf0bc1e9 (webtiles) character file.

Game seed: 8300277898845904666

167 Ijustatesigmund the Chopper (level 5, -3/36 HPs)
             Began as an Octopode Fighter on Mar 26, 2019.
             Slain by a wyvern (12 damage)
             ... on level 4 of the Dungeon.
             The game lasted 00:04:40 (2382 turns).

Ijustatesigmund the Chopper (Octopode Fighter)      Turns: 2382, Time: 00:04:42

Health: -3/36      AC:  1    Str: 21    XL:     5   Next: 48%
Magic:  5/5        EV: 12    Int: 15    God:
Gold:   186        SH:  0    Dex: 12    Spells: 4/4 levels left

rFire    . . .     SeeInvis .   a - +2 war axe
rCold    . . .     Gourm    .   b - +0 shield
rNeg     . . .     Faith    .   (helmet restricted)
rPois    .         Spirit   .   l - +6 amulet of reflection
rElec    .         Reflect  +   (no ring)
rCorr    .         Harm     .   (no ring)
MR       .....                  (no ring)
Stlth    ++........             (no ring)
HPRegen  0.12/turn              (no ring)
MPRegen  0.09/turn              (no ring)
                                (no ring)
                                (no ring)

@: confused, mighty, brilliant, flying
A: almost no armour, stealthy swim, amphibious, 8 rings, constrict 8, camouflage
1, gelatinous body 1
a: no special abilities


You were on level 4 of the Dungeon.
You were hungry.

You visited 1 branch of the dungeon, and saw 4 of its levels.

You collected 186 gold pieces.

Inventory:

Hand Weapons
 a - a +2 war axe (weapon)
 e - a +0 mace
Missiles
 h - 4 javelins of penetration (quivered)
 m - a throwing net
Armour
 b - a +0 shield (worn)
Jewellery
 l - a +6 amulet of reflection (around mantle)
Scrolls
 g - 2 scrolls of blinking
 p - a scroll of remove curse
Potions
 c - 2 potions of might
 f - 2 potions of flight
 i - 2 potions of cancellation
 j - a potion of haste
 k - a potion of ambrosia {unknown}
 n - a potion of brilliance
 o - a potion of agility {unknown}
Comestibles
 d - 6 rations


   Skills:
 - Level 3.3 Fighting
 + Level 3.9 Axes
 + Level 2.3 Throwing
 - Level 3.3 Dodging
 - Level 3.3 Shields


You had 4 spell levels left.
You didn't know any spells.
Your spell library contained the following spells:

 Spells                   Type           Power        Failure   Level  Hunger
 Corona                   Hex            #......      13%         1    ##.....
 Ensorcelled Hibernation  Hex/Ice        #.....       19%         2    ###....
 Confuse                  Hex            #.......     34%         3    ####...
 Dazzling Spray           Conj/Hex       #.....       34%         3    ####...
 Tukima's Dance           Hex            #.......     34%         3    ####...


Dungeon Overview and Level Annotations

Branches:
Dungeon (4/15)
 Temple: D:4-7

Altars:
Wu Jian
Xom
The Shining One


Innate Abilities, Weirdness & Mutations

You cannot wear most types of armour.
You are very stealthy in the water. (Stealth+)
You are amphibious.
You can wear up to eight rings at the same time.
You can use your tentacles to constrict eight enemies at once.
Your skin changes colour to match your surroundings (Stealth+).
Your rubbery body absorbs attacks. (AC +1, EV +1)


Message History

You closely miss the wyvern.
The orc wizard shouts!
You squeeze the wyvern!
The wyvern is severely wounded.
You hear an angry hiss.
The wyvern bites you!
An orc comes into view. It is wielding a +0 short sword.
The wyvern bites you.
* * * LOW HITPOINT WARNING * * *
The orc wizard casts a spell at you. You resist with some effort.
It was a potion of flight.
You feel very buoyant.
You fly up into the air.
You block the wyvern's attack.
The orc wizard gestures at you while chanting.
You are confused.
It was a potion of brilliance.
You feel clever all of a sudden. The wyvern bites you!
You die...

..####...#####.#
.#
######.......#
.#
#...[....#####
.##
...######...####
.... ###....##
.....
####..##.....
#####........
.##......#....)
.......@.......
#>.....l...##.#
.(.............
#...oo......?..
...........#...
...........####
##..!.....##
..........


You could see a wyvern and 2 orc wizards.

Vanquished Creatures
  An orc wizard (D:3)
  4 gnolls (D:3)
  5 adders
  A worm (D:2)
  3 dart slugs
  A leopard gecko (D:1)
  4 orcs (D:3)
  2 bats
  5 giant cockroaches
  4 goblins
  3 hobgoblins
  3 jackals (D:3)
  3 frilled lizards
  5 kobolds
  7 rats
51 creatures vanquished.

Notes
Turn   | Place    | Note
-------+----------+-------------------------------------------
     0 | D:1      | Ijustatesigmund the Octopode Fighter began the quest for
                  | the Orb.
     0 | D:1      | Reached XP level 1. HP: 16/16 MP: 1/1
    69 | D:1      | Reached XP level 2. HP: 17/21 MP: 2/2
   503 | D:1      | Reached XP level 3. HP: 26/26 MP: 3/3
  1143 | D:2      | Found a glowing golden altar of the Shining One.
  1325 | D:2      | Reached XP level 4. HP: 24/31 MP: 4/4
  1368 | D:3      | Reached skill level 1 in Throwing
  1388 | D:3      | Found a shimmering altar of Xom.
  1480 | D:3      | Reached XP level 5. HP: 14/36 MP: 5/5
  1869 | D:3      | Found a faded altar of an unknown god.
  2091 | D:3      | Found an ornate altar of the Wu Jian Council.
  2372 | D:4      | Noticed a wyvern
  2382 | D:4      | Slain by a wyvern

Levels and vault maps discovered:
D:1:      lightli_molten_gateway, layout_loops_ring
D:2:      layout_rooms, overflow_temple_1_default, first_ration
D:3:      layout_loops_ring, nicolae_overflow_hidden_temple,
          lemuel_doored_altar, chequers_ecumenical_altar_simple_redux,
          minmay_misc_feat_more_columns
D:4:      layout_rooms, kennysheep_ying_yang, serial_shops,
          nicolae_shop_temple_entry_statues_fountains, uniq_sigmund, uniq_ijyb

Skill      XL: |  1  2  3  4  5 |
---------------+----------------+-----
Axes           | 3 |  3.9
Throwing       | 1 2 |  2.3
Fighting       | |  3.3
Dodging        | |  3.3
Shields        | |  3.3

Action                   |  1- 3 |  4- 6 || total
-------------------------+-------+-------++-------
Melee: War axe           |    57 |    32 ||    89
       Constrict         |    18 |     5 ||    23
       Tentacles         |     7 |    10 ||    17
Throw: Javelin           |       |     2 ||     2
  Use: Scroll            |     6 |     3 ||     9
       Potion            |       |     3 ||     3
 Stab: Sleeping          |     6 |     2 ||     8
  Eat: Chunk             |       |     4 ||     4
Armor: Skin              |     6 |     1 ||     7
Dodge: Dodged            |    21 |    11 ||    32
Block: Shield            |    33 |    25 ||    58

Table legend:
 A = Non-vault XP
 B = Vault XP
 C = Vault XP percentage of total XP
 D = Non-vault monster count
 E = Vault monster count
 F = Vault count percentage of total count
                 A         B        C        D         E       F
            +---------+---------+-------+---------+---------+-------
      Total |     239 |       0 |   0.0 |      51 |       0 |   0.0
            +---------+---------+-------+---------+---------+-------
        D:1 |      38 |       0 |   0.0 |      20 |       0 |   0.0
        D:2 |      56 |       0 |   0.0 |      13 |       0 |   0.0
        D:3 |     132 |       0 |   0.0 |      17 |       0 |   0.0
        D:4 |      13 |       0 |   0.0 |       1 |       0 |   0.0
            +---------+---------+-------+---------+---------+-------
